[ AOE2 MATCH · #469703614 ]
UnrankedJurchens vs Sicilians
Player's team · WIN
Rival team · LOSS
[ REPLAY ANALYSIS · EXTRACTED FROM THE RECORDED GAME ]
Feudal
10:08
Castle
23:24
Imperial
—
| APM avg | 23.3 |
| APM peak | 54 |
| eAPM avg | 13.1 |
| Villagers / military | 81 / 28 |
Focus
⚔️ 30.0% · 🌾 70.0%
Unknown (1911) ×18 · Scout Cavalry ×12 · Steppe Lancer ×10 · Battering Ram ×6
Feudal
10:02
Castle
29:06
Imperial
—
| APM avg | 30.4 |
| APM peak | 68 |
| eAPM avg | 16.2 |
| Villagers / military | 58 / 61 |
Focus
⚔️ 34.3% · 🌾 65.7%
Serjeant ×48 · Spearman ×13
Match map
Initial resources + every placement click. Lines = walls · curves = elevation contours. ◆ gold · ⬟ stone · ● berries · ✦ relic · ◌ wall gap
Your base· Open — unwalled flank
Gaston AoE's base· Open — unwalled flank
Smoothed initial terrain · ◌ = detected wall gap · hover for details
Inputs per minute
— Azelor - - Gaston AoE
Build order — Azelor
First 150 of 192 actions detected
| 0:00 | Create | Villager (Male) |
| 0:01 | Create | Villager (Male) |
| 0:01 | Create | Villager (Male) |
| 0:02 | Build | House |
| 0:03 | Build | House |
| 0:15 | Create | Villager (Male) |
| 1:31 | Create | Villager (Male) |
| 1:42 | Create | Villager (Male) |
| 2:10 | Build | Lumber Camp |
| 2:38 | Create | Villager (Male) |
| 2:58 | Create | Villager (Male) |
| 3:31 | Build | House |
| 3:34 | Create | Villager (Male) |
| 3:35 | Create | Villager (Male) |
| 4:13 | Create | Villager (Male) |
| 4:13 | Create | Villager (Male) |
| 4:20 | Build | Mill |
| 4:36 | Create | Villager (Male) |
| 4:36 | Create | Villager (Male) |
| 5:02 | Create | Villager (Male) |
| 5:10 | Create | Villager (Male) |
| 5:38 | Create | Villager (Male) |
| 5:38 | Create | Villager (Male) |
| 6:03 | Create | Villager (Male) |
| 6:11 | Create | Villager (Male) |
| 6:25 | Create | Villager (Male) |
| 6:29 | Research | Loom |
| 6:44 | Create | Villager (Male) |
| 6:50 | Create | Villager (Male) |
| 7:03 | Create | Villager (Male) |
| 7:58 | Research | Feudal Age |
| 8:08 | Build | House |
| 8:12 | Build | Palisade Wall |
| 8:38 | Create | Villager (Male) |
| 9:05 | Build | Barracks |
| 9:14 | Build | Palisade Gate |
| 9:19 | Build | Palisade Wall |
| 9:41 | Create | Villager (Male) |
| 9:58 | Create | Villager (Male) |
| 10:08 | Age | Feudal Age |
| 10:13 | Build | Stable |
| 10:16 | Create | Villager (Male) |
| 10:29 | Create | Villager (Male) |
| 10:35 | Research | Double-Bit Axe |
| 10:49 | Build | House |
| 10:57 | Build | Palisade Wall |
| 11:00 | Build | Palisade Wall |
| 11:08 | Create | Scout Cavalry |
| 11:08 | Create | Scout Cavalry |
| 11:08 | Create | Scout Cavalry |
| 11:14 | Create | Scout Cavalry |
| 11:35 | Create | Villager (Male) |
| 11:35 | Create | Villager (Male) |
| 11:45 | Create | Villager (Male) |
| 12:00 | Create | Villager (Male) |
| 12:11 | Build | Mining Camp |
| 12:21 | Create | Villager (Male) |
| 12:31 | Build | Farm |
| 12:33 | Build | Farm |
| 12:36 | Build | Farm |
| 13:21 | Create | Villager (Male) |
| 13:58 | Build | Farm |
| 13:58 | Build | Farm |
| 13:58 | Build | Farm |
| 13:58 | Build | Farm |
| 13:58 | Build | Farm |
| 14:09 | Build | Farm |
| 14:15 | Build | House |
| 14:21 | Build | Farm |
| 14:23 | Build | Farm |
| 14:57 | Build | Mining Camp |
| 15:44 | Create | Villager (Male) |
| 15:45 | Create | Villager (Male) |
| 15:57 | Create | Villager (Male) |
| 16:20 | Create | Villager (Male) |
| 16:33 | Create | Villager (Male) |
| 16:37 | Build | Farm |
| 16:37 | Build | Farm |
| 16:38 | Build | Farm |
| 16:38 | Build | Farm |
| 16:38 | Build | Farm |
| 16:44 | Build | House |
| 16:51 | Build | House |
| 16:58 | Create | Villager (Male) |
| 17:05 | Create | Villager (Male) |
| 17:15 | Create | Villager (Male) |
| 17:23 | Build | Farm |
| 17:23 | Build | Farm |
| 17:24 | Build | Farm |
| 17:48 | Build | Farm |
| 17:54 | Create | Villager (Male) |
| 18:09 | Build | Farm |
| 18:47 | Create | Villager (Male) |
| 19:09 | Create | Villager (Male) |
| 19:26 | Create | Villager (Male) |
| 19:33 | Create | Villager (Male) |
| 19:42 | Build | Farm |
| 20:07 | Create | Villager (Male) |
| 20:11 | Build | Archery Range |
| 20:20 | Create | Villager (Male) |
| 20:24 | Build | Farm |
| 20:44 | Research | Castle Age |
| 21:02 | Build | Watch Tower |
| 21:08 | Create | Villager (Male) |
| 21:29 | Create | Villager (Male) |
| 21:54 | Build | Farm |
| 22:43 | Build | Lumber Camp |
| 23:24 | Age | Castle Age |
| 23:25 | Create | Unit 1911 |
| 23:26 | Create | Unit 1911 |
| 23:26 | Create | Unit 1911 |
| 23:26 | Create | Unit 1911 |
| 23:26 | Create | Unit 1911 |
| 23:27 | Create | Unit 1911 |
| 23:36 | Create | Steppe Lancer |
| 23:36 | Create | Steppe Lancer |
| 23:36 | Create | Steppe Lancer |
| 24:00 | Build | House |
| 24:02 | Create | Villager (Male) |
| 24:03 | Build | Farm |
| 24:47 | Create | Villager (Male) |
| 24:56 | Build | Mining Camp |
| 26:24 | Create | Villager (Male) |
| 26:28 | Build | Farm |
| 26:36 | Build | Blacksmith |
| 26:48 | Create | Villager (Male) |
| 26:48 | Create | Villager (Male) |
| 27:00 | Create | Scout Cavalry |
| 27:00 | Create | Scout Cavalry |
| 27:00 | Create | Scout Cavalry |
| 27:00 | Create | Scout Cavalry |
| 27:03 | Create | Steppe Lancer |
| 27:03 | Create | Steppe Lancer |
| 27:04 | Create | Steppe Lancer |
| 27:04 | Create | Steppe Lancer |
| 27:06 | Build | House |
| 27:08 | Build | House |
| 27:13 | Create | Unit 1911 |
| 27:20 | Build | Siege Workshop |
| 27:34 | Create | Steppe Lancer |
| 27:41 | Create | Villager (Male) |
| 27:57 | Create | Unit 1911 |
| 28:04 | Create | Villager (Male) |
| 28:17 | Create | Villager (Male) |
| 28:21 | Build | House |
| 28:39 | Create | Battering Ram |
| 28:39 | Create | Battering Ram |
| 29:47 | Create | Villager (Male) |
| 30:03 | Create | Unit 1911 |
| 30:03 | Create | Unit 1911 |
Build order — Gaston AoE
First 150 of 172 actions detected
| 0:00 | Create | Villager (Male) |
| 0:01 | Create | Villager (Male) |
| 0:02 | Build | House |
| 0:04 | Build | House |
| 0:09 | Build | House |
| 0:13 | Create | Villager (Male) |
| 0:13 | Create | Villager (Male) |
| 0:13 | Create | Villager (Male) |
| 1:34 | Create | Villager (Male) |
| 1:34 | Create | Villager (Male) |
| 2:19 | Create | Villager (Male) |
| 2:19 | Create | Villager (Male) |
| 2:48 | Create | Villager (Male) |
| 2:48 | Create | Villager (Male) |
| 2:49 | Create | Villager (Male) |
| 4:17 | Create | Villager (Male) |
| 4:17 | Create | Villager (Male) |
| 4:17 | Create | Villager (Male) |
| 4:17 | Create | Villager (Male) |
| 4:17 | Create | Villager (Male) |
| 4:17 | Create | Villager (Male) |
| 4:17 | Create | Villager (Male) |
| 5:36 | Create | Villager (Male) |
| 5:36 | Create | Villager (Male) |
| 5:36 | Create | Villager (Male) |
| 5:37 | Create | Villager (Male) |
| 5:41 | Research | Loom |
| 6:56 | Build | Lumber Camp |
| 7:08 | Build | Mill |
| 7:12 | Create | Villager (Male) |
| 7:52 | Research | Feudal Age |
| 8:12 | Build | Mining Camp |
| 8:16 | Create | Villager (Male) |
| 9:13 | Build | Donjon |
| 9:44 | Build | Mining Camp |
| 9:58 | Build | Mill |
| 10:02 | Age | Feudal Age |
| 10:07 | Create | Villager (Male) |
| 10:11 | Research | Double-Bit Axe |
| 10:24 | Build | Palisade Wall |
| 10:24 | Build | Palisade Wall |
| 10:25 | Build | Palisade Wall |
| 10:28 | Build | Palisade Wall |
| 10:29 | Build | Palisade Wall |
| 10:38 | Build | House |
| 10:48 | Build | House |
| 10:55 | Create | Villager (Male) |
| 10:55 | Create | Villager (Male) |
| 11:12 | Build | House |
| 11:20 | Create | Serjeant |
| 11:35 | Create | Serjeant |
| 12:17 | Create | Villager (Male) |
| 12:20 | Create | Serjeant |
| 12:25 | Create | Serjeant |
| 12:32 | Build | Mill |
| 13:36 | Create | Serjeant |
| 13:46 | Create | Villager (Male) |
| 13:47 | Create | Villager (Male) |
| 14:19 | Create | Villager (Male) |
| 14:43 | Create | Serjeant |
| 14:56 | Create | Villager (Male) |
| 15:01 | Research | Horse Collar |
| 15:51 | Create | Villager (Male) |
| 15:52 | Create | Villager (Male) |
| 15:53 | Create | Serjeant |
| 16:16 | Create | Spearman |
| 16:36 | Create | Serjeant |
| 17:12 | Create | Villager (Male) |
| 17:20 | Create | Serjeant |
| 17:42 | Create | Villager (Male) |
| 17:54 | Build | Farm |
| 17:55 | Build | Farm |
| 17:56 | Build | Farm |
| 17:57 | Build | Farm |
| 17:57 | Build | Farm |
| 17:58 | Build | Farm |
| 17:59 | Build | Farm |
| 18:07 | Build | Farm |
| 18:08 | Build | Farm |
| 18:09 | Build | Farm |
| 18:11 | Create | Villager (Male) |
| 18:12 | Create | Serjeant |
| 18:13 | Create | Serjeant |
| 18:32 | Create | Villager (Male) |
| 18:40 | Build | Farm |
| 18:52 | Create | Villager (Male) |
| 19:19 | Create | Serjeant |
| 19:20 | Create | Villager (Male) |
| 19:32 | Create | Serjeant |
| 19:34 | Create | Villager (Male) |
| 19:38 | Build | Farm |
| 19:56 | Build | House |
| 20:17 | Build | House |
| 20:41 | Create | Villager (Male) |
| 21:09 | Build | Donjon |
| 21:26 | Build | Donjon |
| 21:36 | Create | Villager (Male) |
| 21:38 | Create | Serjeant |
| 21:45 | Build | Blacksmith |
| 22:03 | Create | Villager (Male) |
| 22:05 | Create | Serjeant |
| 22:23 | Create | Serjeant |
| 22:23 | Create | Serjeant |
| 22:28 | Research | Scale Mail Armor |
| 22:38 | Create | Villager (Male) |
| 22:39 | Create | Villager (Male) |
| 22:42 | Create | Serjeant ×5 |
| 23:15 | Build | House |
| 23:16 | Build | House |
| 23:52 | Build | Donjon |
| 24:08 | Create | Serjeant ×2 |
| 24:11 | Create | Villager (Male) |
| 24:11 | Create | Villager (Male) |
| 24:18 | Build | Farm |
| 24:18 | Build | Farm |
| 24:19 | Build | Farm |
| 24:20 | Build | Farm |
| 24:20 | Build | Farm |
| 24:22 | Build | Farm |
| 24:26 | Build | Farm |
| 24:27 | Build | Farm |
| 24:27 | Build | Farm |
| 24:28 | Build | Farm |
| 25:10 | Research | Forging |
| 25:35 | Build | Market |
| 25:42 | Build | House |
| 25:43 | Build | House |
| 26:26 | Research | Castle Age |
| 26:33 | Research | Forging |
| 27:02 | Build | House |
| 27:03 | Build | House |
| 27:04 | Build | House |
| 27:06 | Build | House |
| 27:34 | Create | Spearman |
| 27:37 | Create | Spearman |
| 27:41 | Create | Spearman |
| 27:44 | Create | Spearman |
| 27:48 | Create | Serjeant ×2 |
| 27:49 | Create | Spearman ×5 |
| 28:29 | Build | House |
| 28:43 | Build | Palisade Wall |
| 29:06 | Age | Castle Age |
| 29:11 | Research | Chain Mail Armor |
| 29:32 | Create | Serjeant ×2 |
| 30:11 | Create | Villager (Male) |
| 30:16 | Research | Bow Saw |
| 30:35 | Create | Serjeant ×2 |
| 30:50 | Create | Serjeant ×4 |
| 31:10 | Build | Donjon |
| 32:02 | Create | Serjeant |
Match timeline
| 8:12 | Azelor · wall_segment Palisade Wall x10 |
| 9:05 | Azelor · first_building Barracks |
| 9:13 | Gaston AoE · first_building Donjon |
| 9:19 | Azelor · wall_segment Palisade Wall x3 |
| 10:02 | Gaston AoE · age_up feudal |
| 10:08 | Azelor · age_up feudal |
| 10:13 | Azelor · first_building Stable |
| 10:24 | Gaston AoE · wall_segment Palisade Wall x1 |
| 10:24 | Gaston AoE · wall_segment Palisade Wall x1 |
| 10:25 | Gaston AoE · wall_segment Palisade Wall x1 |
| 10:28 | Gaston AoE · wall_segment Palisade Wall x1 |
| 10:29 | Gaston AoE · wall_segment Palisade Wall x1 |
| 10:57 | Azelor · wall_segment Palisade Wall x5 |
| 11:00 | Azelor · wall_segment Palisade Wall x9 |
| 20:11 | Azelor · first_building Archery Range |
| 23:24 | Azelor · age_up castle |
| 26:24 | Gaston AoE · first_market_sell 100 food |
| 27:20 | Azelor · first_building Siege Workshop |
| 28:43 | Gaston AoE · wall_segment Palisade Wall x1 |
| 29:06 | Gaston AoE · age_up castle |
| 36:22 | Azelor · first_market_buy 100 stone |
| 36:31 | Gaston AoE · resign |
[ AI ANALYSIS · 1 CREDIT ]
What really happened in this match?
Wolo.gg analyzes every decision: build order, eco, micro, common mistakes by bracket. Personalized analysis on WhatsApp or Discord in 30 seconds.
Civ guide
Jurchens
Perfil
Jugador #21189605